cohdb
Replays
Latest Replays
All Replays
Popular Replays
Top Player Replays
Match Explorer
How It Works
Community
CoH3 Stats
Reddit
Sign in to upload your games and track your stats! →
Sign in with Steam
Match 42181139
Unlisted
Match 42181139
Overview
Messages
Build Orders
End
Construct Infanterie Kompanie
Grenadier Squad
Grenadier Squad
Grenadier Squad
Infanterie Officer Quarters
Grenadier Squad
GrW 34 Mortar Team
Construct Panzergrenadier Kompanie
MG 42 Machine Gun Team
Pak 40 Anti-tank Gun Team
Grenadier Squad
Construct Panzer Kompanie
Selects Mechanized Battlegroup
Selects Raid Package
Selects StuG Assault Group
StuG Assault Group
deSmo)°
Axelwine
[GG]Onkel Stonkel
[GG]Quiq
0
0
Comments
sign in to comment!
No comments posted yet!